 Dungeon Crawl Stone Soup version 0.20-a0-787-g4ba4951 (console) character file.

725 HarryHood the Cudgeler (level 7, -4/64 HPs)
             Began as a Hill Orc Berserker on Feb 27, 2017.
             Was a Priest of Trog.
             Succumbed to Robin's poison
             ... on level 4 of the Dungeon.
             The game lasted 00:13:53 (3205 turns).

HarryHood the Cudgeler (Hill Orc Berserker)         Turns: 3205, Time: 00:13:53

Health: -4/64      AC: 14    Str: 23 (25) XL:     7   Next: 71%
Magic:  7/7        EV:  7    Int:  4 (7)  God:    Trog [***...]
Gold:   156        SH:  4    Dex: 10 (12) Spells: 6/6 levels left

rFire    . . .     SeeInvis .   a - +4 whip
rCold    . . .     Gourm    .   g - +0 chain mail
rNeg     . . .     Faith    .   j - +1 buckler
rPois    .         Spirit   .   (no helmet)
rElec    .         Reflect  .   l - +1 cloak
rCorr    .         Harm     .   k - +1 pair of gloves
MR       .....                  (no boots)
Stlth    ..........             (no amulet)
Regen    0.2/turn               (no ring)
MPRegen  0.1/turn               (no ring)

@: mighty, lethally poisoned (-4 -> -55), exhausted, heavily drained
A: no striking features
a: Berserk, Trog's Hand, Burn Spellbooks, Renounce Religion


You were on level 4 of the Dungeon.
You worshipped Trog.
Trog was most pleased with you.
You were not hungry.

You visited 1 branch of the dungeon, and saw 4 of its levels.

You collected 156 gold pieces.

Inventory:

Hand Weapons
 a - a +4 whip (weapon)
 b - a +0 hunting sling
Armour
 g - a +0 chain mail (worn)
 j - a +1 buckler (worn)
 k - a +1 pair of gloves (worn)
 l - a +1 cloak (worn)
Scrolls
 e - 3 scrolls of teleportation {@r0}
Potions
 d - 2 potions of degeneration {!q}
 f - a potion of curing {unknown}
 h - a potion of agility {unknown}
 i - 2 potions of resistance
 m - a potion of mutation {unknown}
 n - a potion of lignification {unknown}
 t - a potion of might
Comestibles
 c - 2 bread rations {@e1}
 o - a royal jelly {@e3}
 q - 2 meat rations {@e1}


   Skills:
 - Level 6.3(5.0) Fighting
 - Level 6.4(5.1) Maces & Flails
 * Level 5.6(4.4) Armour
 - Level 1.5(0.4) Dodging


You had 6 spell levels left.
You didn't know any spells.

Dungeon Overview and Level Annotations

Branches:
Dungeon (4/15)
 Temple: D:4-7

Altars:
Vehumet
Wu Jian


Message History

Robin hits you but does no damage.
You are more poisoned.
It was a potion of might.
You feel very mighty all of a sudden.
* * * LOW HITPOINT WARNING * * *
You feel very sick. Robin hits you but does no damage.
You are more poisoned.
Robin hits you but does no damage.
You are more poisoned.
You whack Robin!
You kill Robin!
Trog accepts your kill.
* * * LOW HITPOINT WARNING * * *
You feel very sick.
It was a potion of degeneration.
There was something very wrong with that liquid.
You feel weakened.
You feel dopey.
You feel clumsy.
You feel yourself speed up.
You die...

.# .# ###
.# .. ..
.#
##.##.##.#
.........
#....))#
#)# #@#
#<#
.........#
...##[#..#
......#
.## .#.# #
#. .# ##
.# .#


There were no monsters in sight!

Vanquished Creatures
  Grinder (D:3)
  Eustachio (D:4)
  Edmund (D:4)
  Blork the orc (D:4)
  A hound (D:3)
  Crazy Yiuf (D:2)
  Robin (D:4)
  3 adders
  A worm (D:3)
  3 dart slugs
  2 leopard geckos
  9 orcs (D:3)
  8 bats
  5 giant cockroaches
  9 hobgoblins
  3 jackals (D:3)
  6 kobolds
  2 ball pythons
  6 frilled lizards
  16 goblins
  10 rats
90 creatures vanquished.

Notes
Turn   | Place    | Note
-------+----------+-------------------------------------------
     0 | D:1      | HarryHood the Hill Orc Berserker began the quest for the Orb.
     0 | D:1      | Reached XP level 1. HP: 19/19 MP: 1/1
   134 | D:1      | Reached skill level 4 in Fighting
   273 | D:1      | Reached XP level 2. HP: 27/27 MP: 2/2
   908 | D:1      | Reached XP level 3. HP: 35/35 MP: 3/3
   926 | D:1      | Reached skill level 5 in Fighting
   983 | D:1      | Reached ** piety under Trog
  1459 | D:2      | Found an ornate altar of the Wu Jian Council.
  1683 | D:2      | Reached XP level 4. HP: 39/44 MP: 4/4
  1843 | D:2      | Found a runed door.
  1952 | D:2      | Noticed Crazy Yiuf
  1953 | D:2      | Paralysed by Crazy Yiuf for 3 turns
  1958 | D:2      | Killed Crazy Yiuf
  1958 | D:2      | Reached skill level 6 in Fighting
  2298 | D:3      | Noticed Grinder
  2326 | D:3      | Paralysed by Grinder for 6 turns
  2337 | D:3      | Killed Grinder
  2337 | D:3      | Reached skill level 6 in Maces & Flails
  2337 | D:3      | Reached XP level 5. HP: 12/51 MP: 5/5
  2337 | D:3      | Reached XP level 6. HP: 14/58 MP: 6/6
  3024 | D:3      | Found a radiant altar of Vehumet.
  3125 | D:4      | Noticed Eustachio
  3130 | D:4      | Noticed Blork the orc
  3139 | D:4      | Killed Eustachio
  3139 | D:4      | Reached skill level 4 in Armour
  3139 | D:4      | Reached XP level 7. HP: 52/64 MP: 7/7
  3141 | D:4      | Noticed Edmund
  3144 | D:4      | Noticed Robin
  3148 | D:4      | Killed Blork the orc
  3161 | D:4      | Killed Edmund
  3161 | D:4      | Reached skill level 5 in Armour
  3191 | D:4      | Reached *** piety under Trog
  3204 | D:4      | Killed Robin
  3204 | D:4      | HP: 2/64 [poisoned by Robin]
  3205 | D:4      | Succumbed to Robin's poison

Vault maps used:
D:1:      sevenhm_arrival_forest_fort_large_1, st_stairs_13,
          minmay_misc_feat_five, amethyst_killhole
D:2:      marbit_many_paths, grunt_decor_cap, uniq_crazy_yiuf_cottage
D:3:      old_standard_altar, first_bread, uniq_grinder
D:4:      bloody_trog, nicolae_dithmenos_shadow_blocks, uniq_duvessa,
          uniq_blork_the_orc, uniq_eustachio, uniq_edmund, uniq_robin

Skill      XL: |  1  2  3  4  5  6  7 |
---------------+----------------------+-----
Fighting       | 4 5 6 |  6.3
Maces & Flails | 6 |  6.4
Armour         | 4 5 |  5.6
Dodging        | |  1.5

Action                   |  1- 3 |  4- 6 |  7- 9 || total
-------------------------+-------+-------+-------++-------
Melee: Mace              |    55 |       |       ||    55
       Whip              |    59 |   140 |    54 ||   253
Invok: Berserk           |       |     1 |     1 ||     2
  Use: Scroll            |     2 |     7 |       ||     9
       Potion            |       |       |     2 ||     2
  Eat: Chunk             |     2 |     6 |     1 ||     9
Armor: Animal skin       |    28 |       |       ||    28
       Ring mail         |     5 |     2 |       ||     7
       Chain mail        |       |    61 |    56 ||   117
Dodge: Dodged            |    67 |    35 |    23 ||   125
Block: Buckler           |     5 |    25 |    17 ||    47
